 Dungeon Crawl Stone Soup version 0.23-a0-730-g0b75920 (webtiles) character file.

7004 robertstho the Cleaver (level 10, -5/76 HPs)
             Began as a Demonspawn Abyssal Knight on Jan 17, 2019.
             Was a High Priest of Lugonu.
             Slain by a sixfirhy (9 damage)
             ... summoned by a kobold demonologist
             ... on level 11 of the Dungeon.
             The game lasted 00:22:02 (9279 turns).

robertstho the Cleaver (Demonspawn Abyssal Knight)  Turns: 9279, Time: 00:22:03

Health: -5/76      AC: 21    Str: 18    XL:     10   Next: 82%
Magic:  8/16       EV:  4    Int: 14    God:    Lugonu [*****.]
Gold:   279        SH:  9    Dex: 14    Spells: 9/9 levels left

rFire    . . .     SeeInvis .   p - +2 hand axe (flame)
rCold    + . .     Gourm    .   d - +0 shield
rNeg     . . .     Faith    .   n - +0 plate armour
rPois    .         Spirit   .   (helmet restricted)
rElec    .         Reflect  .   m - +0 cloak
rCorr    .         Harm     .   (no gloves)
MR       .....                  (no boots)
Stlth    ..........             (no amulet)
HPRegen  0.22/turn              u - ring of stealth
MPRegen  0.15/turn              x - +3 ring of protection

@: drained
A: horns 1, thin metallic scales 2, cold resistance 1, spiny 1, strong 2
a: Depart the Abyss, Bend Space, Banish, Corrupt, Enter the Abyss, Renounce
Religion


You were on level 11 of the Dungeon.
You worshipped Lugonu.
Lugonu was extremely pleased with you.
You were very hungry.

You visited 1 branch of the dungeon, and saw 11 of its levels.
You visited the Abyss 1 time.

You collected 369 gold pieces.
You spent 90 gold pieces at shops.

Inventory:

Hand Weapons
 a - a +1 hand axe
 p - a +2 hand axe of flaming (weapon)
Armour
 d - a +0 shield (worn)
 m - a +0 cloak (worn)
 n - a +0 plate armour (worn)
Jewellery
 o - an uncursed ring of poison resistance
 u - a ring of stealth (left hand)
 x - a +3 ring of protection (right hand)
Wands
 f - a wand of acid (12)
 r - a wand of disintegration (16)
 v - a wand of polymorph (22)
 C - a wand of digging (6)
Scrolls
 b - 9 scrolls of remove curse
 e - a scroll of magic mapping
 g - 2 scrolls of amnesia
 h - a scroll of teleportation {unknown}
 j - a scroll of fog
 k - a scroll of enchant weapon
 s - a scroll of noise {unknown}
 t - a scroll of silence {unknown}
 w - 3 scrolls of enchant armour
 y - a scroll of immolation
Potions
 i - a potion of curing
 l - a potion of degeneration
 q - a potion of cancellation
 A - a potion of ambrosia
 B - 3 potions of flight
 D - a potion of resistance {unknown}
 E - a potion of might {unknown}
Comestibles
 c - 21 rations


   Skills:
 + Level 5.8(5.7) Fighting
 * Level 9.4 Axes
 * Level 8.8 Armour
 + Level 1.9 Dodging
 + Level 0.5 Stealth
 + Level 4.2 Shields
 * Level 8.1(8.0) Invocations
 + Level 0.5(0.4) Evocations


You had 9 spell levels left.
You didn't know any spells.
Your spell library contained the following spells:

 Spells                   Type           Power        Failure   Level  Hunger
 Animate Skeleton         Necr           N/A          100%        1    ##.....
 Apportation              Tloc           #.....       100%        1    ##.....
 Confusing Touch          Hex            #.....       100%        1    ##.....
 Sandblast                Erth           #.....       100%        1    ##.....
 Sting                    Conj/Pois      #...         100%        1    ##.....
 Summon Butterflies       Summ           #.......     100%        1    ##.....
 Summon Small Mammal      Summ           #...         100%        1    ##.....
 Passwall                 Tmut/Erth      #.......     100%        2    ###....
 Poisonous Vapours        Pois/Air       #.....       100%        2    ###....
 Confuse                  Hex            #.......     100%        3    ####...
 Gell's Gravitas          Tloc           #.........   100%        3    ####...
 Lesser Beckoning         Tloc           #.........   100%        3    ####...
 Mephitic Cloud           Conj/Pois/Air  #.......     100%        3    ####...
 Stone Arrow              Conj/Erth      #.....       100%        3    ####...
 Tukima's Dance           Hex            #.......     100%        3    ####...
 Olgreb's Toxic Radiance  Pois           #.......     100%        4    #####..
 Petrify                  Tmut/Erth      #.......     100%        4    #####..
 Alistair's Intoxication  Tmut/Pois      #.......     100%        5    ######.
 Lee's Rapid Deconstruct  Erth           #.........   100%        5    ######.
 Metabolic Englaciation   Hex/Ice        #.........   100%        5    ######.
 Venom Bolt               Conj/Pois      #.........   100%        5    ######.
 Yara's Violent Unravell  Hex/Tmut       #.........   100%        5    ######.
 Invisibility             Hex            #.......     100%        6    #######


Dungeon Overview and Level Annotations

Branches:
Dungeon (11/15)            Temple (0/1) D:5            Lair (0/6) D:11
    Orc: D:9-12

Altars:
Ashenzari
Dithmenos
Elyvilon
Ru
Wu Jian
Yredelemnul
Zin
The Shining One
Beogh

Shops:
D:8 (

Annotations:
D:2 Robin, Sigmund
D:8 3 runed doors, blexxed's ghost, novice MiFi


Innate Abilities, Weirdness & Mutations

You have a pair of small horns on your head.
You are mostly covered in thin metallic scales. (AC +3)
Your flesh is cold resistant. (rC+)
You are partially covered in sharp spines.
Your muscles are very strong. (Str +4)


Message History

Press: ? - help, Shift-Dir - straight line, f/p - kobold demonologist
Aim: a kobold demonologist, wielding a +0 dagger and wearing a +0 robe (translocational energy, chance to defeat MR: 73%)
Okay, then.
You hit the kobold. You burn the kobold.
You kill the kobold!
Lugonu accepts your kill.
You slash the kobold! You burn the kobold.
You kill the kobold!
Lugonu accepts your kill.
You hit the iron imp.
You hit the crimson imp but do no damage.
You hit the sixfirhy but do no damage. The sixfirhy is struck by your spines.
The sixfirhy hits you.
* * * LOW HITPOINT WARNING * * *
The sixfirhy shocks you!
* * * LOW HITPOINT WARNING * * *
The sixfirhy hits you!
* * * LOW HITPOINT WARNING * * *
The sixfirhy shocks you!
You die...

######'#####....>.#
#........##.....)#
#...............)'
#.........[.....)#
#(...............#
+(...............#
#........##......#
#53......##......#
#@4K.....#########
#53......#########
.........##......'
#......... #......#
#......... #......#
#......... #......#
##........ #......#
######### #......#
#......#


You could see a kobold demonologist, a sixfirhy, a ynoxinul, a chaos spawn, an
iron imp and a crimson imp.

Vanquished Creatures
  A two-headed ogre (D:8)
  An ugly thing (D:11)
  2 trolls (D:11)
  A hornet (D:9)
  Prince Ribbit (D:6)
  A hippogriff (D:8)
  A wyvern (D:10)
  2 hungry ghosts
  A water moccasin (D:6)
  6 orc warriors
  3 ice beasts
  5 ogres
  2 phantoms
  4 centaurs
  3 bullfrogs
  A gnoll sergeant (D:8)
  A scorpion (D:4)
  4 wights (D:11)
  A howler monkey (D:7)
  5 crimson imps
  A bullfrog zombie (D:6)
  6 hounds
  2 orc priests
  2 jellies
  2 centaur skeletons
  9 orc wizards
  A bullfrog skeleton (D:6)
  3 iguanas
  Ijyb (D:5)
  8 worker ants
  A worker ant zombie (D:10)
  11 gnolls
  7 adders
  4 shadow imps
  An ooze (D:2)
  An adder zombie (D:5)
  An adder skeleton (D:8)
  A dart slug (D:2)
  8 leopard geckos
  37 orcs
  3 ball pythons
  4 bats
  8 giant cockroaches
  14 goblins
  11 hobgoblins
  3 jackals (D:8)
  9 kobolds
  3 quokkas
  5 frilled lizards
  2 leopard gecko skeletons
  A quokka skeleton (D:5)
  3 rats
219 creatures vanquished.

Vanquished Creatures (collateral kills)
  13 orcs (D:9)
13 creatures vanquished.

Vanquished Creatures (others)
  A kobold demonologist (D:11)
  A vampire (D:10)
  3 orc warriors (D:9)
  7 plants (D:8)
12 creatures vanquished.

Grand Total: 244 creatures vanquished

Notes
Turn   | Place    | Note
-------+----------+-------------------------------------------
     0 | Abyss:1  | robertstho the Demonspawn Abyssal Knight began the quest
                  | for the Orb.
     0 | Abyss:1  | Reached XP level 1. HP: 18/18 MP: 2/2
    29 | Abyss:1  | Noticed an iron imp
    32 | Abyss:1  | Noticed a small abomination
    34 | D:1      | Escaped the Abyss
   240 | D:1      | Reached skill level 2 in Axes
   364 | D:1      | Reached * piety under Lugonu
   364 | D:1      | Gained mutation: You are partially covered in sharp spines.
                  | [demonic ancestry]
   364 | D:1      | Reached XP level 2. HP: 18/24 MP: 3/3
   750 | D:1      | Reached XP level 3. HP: 10/29 MP: 4/4
  1428 | D:2      | Reached ** piety under Lugonu
  1433 | D:2      | Gained mutation: You are partially covered in thin metallic
                  | scales. (AC +2) [demonic ancestry]
  1433 | D:2      | Reached XP level 4. HP: 35/35 MP: 5/5
  1444 | D:2      | Noticed Sigmund
  1444 | D:2      | Noticed Robin
  1461 | D:2      | Reached skill level 1 in Dodging
  1513 | D:3      | Reached skill level 3 in Axes
  1518 | D:3      | Found Zin's Purification Station.
  1733 | D:3      | Found a glowing silver altar of Zin.
  1736 | D:3      | Bought a potion of curing for 90 gold pieces
  2005 | D:3      | Found an ornate altar of the Wu Jian Council.
  2265 | D:4      | Reached XP level 5. HP: 36/41 MP: 7/7
  2455 | D:4      | Gained mutation: Your muscles are strong. (Str +2) [potion
                  | of mutation]
  2455 | D:4      | Gained mutation: Your muscles are very strong. (Str +4)
                  | [potion of mutation]
  2674 | D:4      | Gained mutation: You have a pair of small horns on your
                  | head. [demonic ancestry]
  2674 | D:4      | Reached XP level 6. HP: 33/48 MP: 8/8
  2695 | D:4      | Reached skill level 1 in Shields
  2944 | D:4      | Found a shadowy altar of Dithmenos.
  2971 | D:4      | Reached skill level 4 in Axes
  3123 | D:4      | Found a basalt altar of Yredelemnul.
  3180 | D:4      | Found a white marble altar of Elyvilon.
  3384 | D:5      | Entered Level 5 of the Dungeon
  3438 | D:5      | Reached *** piety under Lugonu
  3492 | D:5      | Noticed Ijyb
  3498 | D:5      | Killed Ijyb
  3529 | D:5      | Found a staircase to the Ecumenical Temple.
  3740 | D:5      | Reached XP level 7. HP: 35/53 MP: 9/9
  3819 | D:5      | Found a sacrificial altar of Ru.
  4014 | D:6      | Reached skill level 5 in Axes
  4105 | D:6      | Noticed Prince Ribbit
  4120 | D:6      | Killed Prince Ribbit
  4120 | D:6      | Reached skill level 5 in Armour
  4120 | D:6      | Gained mutation: You are mostly covered in thin metallic
                  | scales. (AC +3) [demonic ancestry]
  4120 | D:6      | Reached XP level 8. HP: 41/60 MP: 11/11
  4455 | D:6      | Reached skill level 6 in Axes
  4462 | D:6      | Reached skill level 5 in Invocations
  4644 | D:6      | Reached **** piety under Lugonu
  5194 | D:7      | Reached skill level 7 in Axes
  5194 | D:7      | Gained mutation: Your flesh is cold resistant. (rC+)
                  | [demonic ancestry]
  5194 | D:7      | Reached XP level 9. HP: 66/66 MP: 13/13
  5474 | D:7      | Found a shattered altar of Ashenzari.
  5474 | D:7      | Found a glowing golden altar of the Shining One.
  5995 | D:8      | Found Ajaat's Antique Weapon Emporium.
  6370 | D:8      | Found a runed gate.
  6370 | D:8      | Found a runed gate.
  6370 | D:8      | Found a runed gate.
  6370 | D:8      | Noticed a nine-headed hydra
  6370 | D:8      | Noticed a two-headed ogre
  6370 | D:8      | Noticed blexxed's ghost (novice MiFi)
  6371 | D:8      | Noticed an 11-headed hydra
  6383 | D:8      | Killed a two-headed ogre
  6383 | D:8      | Reached skill level 5 in Fighting
  6383 | D:8      | Reached skill level 8 in Axes
  7202 | D:9      | Reached ***** piety under Lugonu
  7230 | D:9      | Reached XP level 10. HP: 51/74 MP: 15/15
  7259 | D:9      | Found a roughly hewn altar of Beogh.
  7334 | D:10     | Entered Level 10 of the Dungeon
  8637 | D:11     | Reached skill level 9 in Axes
  9009 | D:11     | Noticed a cyan ugly thing
  9024 | D:11     | Killed a cyan ugly thing
  9228 | D:11     | Found a staircase to the Lair.
  9270 | D:11     | Noticed a sixfirhy
  9279 | D:11     | Slain by a sixfirhy

Vault maps used:
D:1:      dpeg_arrival_another_circle
D:2:      minmay_hexomino_u4, uniq_robin, uniq_sigmund
D:3:      zin_purify, lemuel_round_altar, first_ration, serial_bayou_lagoon_b
D:4:      kennysheep_ying_yang, nicolae_dithmenos_through_a_glass_darkly,
          serial_curves, eino_curves_02, eino_curves_01, eino_curves_02,
          eino_curves_01, skrybe_limestone_x
D:5:      minmay_temple_entry_overgrown, nicolae_ru_path_of_blood, uniq_ijyb
D:6:      cheibrodos_helix_gallery, corexii_corridor_pit, minmay_lizard_king,
          uniq_prince_ribbit1
D:7:      gammafunk_temple_overflow_wave
D:8:      gammafunk_ghost_hydra_chop, serial_shops, shop
D:9:      lemuel_doored_altar
D:11:     lair_entry_dummy
Abyss:1:  lemuel_flamethrower_2

Skill      XL: |  1  2  3  4  5  6  7  8  9 10 |
---------------+-------------------------------+-----
Armour         | 2 3 4 5 6 7 8 |  8.8
Axes           | 2 3 4 5 7 8 9 |  9.4
Dodging        | 1 |  1.9
Invocations    | 3 4 6 7 8 |  8.1
Shields        | 1 2 3 4 |  4.2
Fighting       | 4 5 |  5.8
Stealth        | |  0.5
Evocations     | |  0.5

Action                   |  1- 3 |  4- 6 |  7- 9 | 10-12 || total
-------------------------+-------+-------+-------+-------++-------
Melee: Hand axe          |   114 |   146 |   322 |   202 ||   784
       Headbutt          |       |     5 |    51 |    44 ||   100
Invok: Depart the Abyss  |     1 |       |       |       ||     1
       Bend Space        |       |     2 |       |       ||     2
       Banish            |       |       |       |     3 ||     3
Evoke: Wand              |       |     2 |       |     7 ||     9
  Use: Potion            |       |     4 |     2 |     1 ||     7
       Scroll            |       |     3 |    10 |     1 ||    14
  Eat: Chunk             |     2 |     7 |    16 |     9 ||    34
Armor: Leather armour    |     6 |       |       |       ||     6
       Chain mail        |    43 |    76 |    51 |       ||   170
       Plate armour      |       |       |   104 |   112 ||   216
Dodge: Dodged            |    18 |    25 |    54 |    30 ||   127
Block: Shield            |    35 |    58 |   100 |   117 ||   310

Table legend:
 A = Non-vault XP
 B = Vault XP
 C = Vault XP percentage of total XP
 D = Non-vault monster count
 E = Vault monster count
 F = Vault count percentage of total count
                 A         B        C        D         E       F
            +---------+---------+-------+---------+---------+-------
      Total |    9239 |     768 |   7.7 |     197 |      40 |  16.9
            +---------+---------+-------+---------+---------+-------
        D:1 |      50 |       0 |   0.0 |      22 |       0 |   0.0
        D:2 |      49 |      17 |  25.8 |      17 |       9 |  34.6
        D:3 |      17 |       2 |  10.5 |       8 |       1 |  11.1
        D:4 |     433 |       0 |   0.0 |      19 |       0 |   0.0
        D:5 |     314 |      36 |  10.3 |      10 |       1 |   9.1
        D:6 |     956 |     361 |  27.4 |      24 |       8 |  25.0
        D:7 |     915 |       0 |   0.0 |      19 |       0 |   0.0
        D:8 |    1874 |       0 |   0.0 |      21 |       0 |   0.0
        D:9 |     616 |     352 |  36.4 |      12 |      21 |  63.6
       D:10 |    1657 |       0 |   0.0 |      31 |       0 |   0.0
       D:11 |    2358 |       0 |   0.0 |      14 |       0 |   0.0
            +---------+---------+-------+---------+---------+-------
